 Dungeon Crawl Stone Soup version 0.28.0-45-g0d030f2227 (webtiles) character file.

Game seed: 10735316508156353187

221 pkoi the Charlatan (level 5, -2/39 HPs)
             Began as a Demigod Artificer on Apr 8, 2022.
             Slain by an iguana (10 damage)
             ... on level 4 of the Dungeon.
             The game lasted 00:06:12 (5503 turns).

pkoi the Charlatan (Demigod Artificer)              Turns: 5503, Time: 00:06:12

Health: -2/39      AC:  2    Str: 13    XL:     5   Next: 37%
Magic:  0/10       EV: 11    Int: 17    God:
Gold:   205        SH:  0    Dex: 14    Spells: 6/7 levels left

rFire   . . .      SeeInvis .   u - +4 mace (holy)
rCold   . . .      Faith    .   (no shield)
rNeg    . . .      Spirit   .   t - +0 robe
rPois   .          Reflect  .   (no helmet)
rElec   .          Harm     .   (no cloak)
rCorr   .          Rampage  .   (no gloves)
Will    .....                   (no boots)
Stlth   ++........              (no amulet)
HPRegen 0.13/turn               (no ring)
MPRegen 0.12/turn               (no ring)

@: very slightly contaminated
A: high MP 1, forlorn, divine attributes
a: no special abilities


You were on level 4 of the Dungeon.
You visited 1 branch of the dungeon, and saw 4 of its levels.

You collected 205 gold pieces.

Inventory:

Hand Weapons
 a - a +0 club
 h - a +0 whip
 u - a +4 mace of holy wrath (weapon)
Missiles
 k - 6 silver javelins
 m - 5 curare-tipped darts
 r - 7 poisoned darts
 A - 2 atropa-tipped darts
Armour
 b - a +0 leather armour
 t - a +0 robe (worn)
Magical Staves
 p - a staff of poison
Jewellery
 j - a +6 ring of dexterity
 l - a ring of protection from fire
 s - a +4 ring of evasion
 w - a ring of wizardry
Wands
 c - a wand of flame (14)
 d - a wand of charming (13)
 q - a wand of mindburst (18)
Scrolls
 f - 3 scrolls of identify
 n - 2 scrolls of enchant armour {unknown}
 x - a scroll of fear {unknown}
 y - a scroll of teleportation {unknown}
 z - a scroll of brand weapon {unknown}
 B - a scroll of vulnerability {unknown}
Potions
 g - 2 potions of heal wounds
 i - a potion of might
 o - 2 potions of curing
 v - a potion of brilliance {unknown}
Miscellaneous
 e - a piece from Xom's chessboard (15/15)


   Skills:
 - Level 0.8 Fighting
 - Level 1.7 Armour
 - Level 0.8 Dodging
 - Level 0.8 Stealth
 + Level 2.5 Unarmed Combat
 + Level 1.8 Spellcasting
 + Level 2.1 Conjurations
 + Level 3.8 Evocations


You had 6 spell levels left.
You knew the following spells:

 Your Spells              Type           Power      Damage    Failure   Level
a - Magic Dart            Conj           32%        1d4       9%          1

Your spell library contained the following spells:

 Spells                   Type           Power      Damage    Failure   Level
 Slow                     Hex            4%         N/A       21%         1
 Call Imp                 Summ           1%         N/A       30%         2
 Sublimation of Blood     Necr           1%         N/A       30%         2
 Conjure Flame            Conj/Fire      5%         6-21      36%         3
 Mephitic Cloud           Conj/Pois/Air  3%         N/A       41%         3
 Confusing Touch          Hex            1%         N/A       52%         3
 Ignite Poison            Fire/Tmut/Pois 1%         N/A       52%         3
 Vampiric Draining        Necr           1%         2d6       52%         3
 Sticky Flame             Conj/Fire      5%         2d3       77%         4
 Petrify                  Tmut/Erth      1%         N/A       89%         4
 Irradiate                Conj/Tmut      2%         3d14      98%         5


Dungeon Overview and Level Annotations

Branches:
Dungeon (4/15)
 Temple: D:4-7

Shops:
D:1 ?[

Annotations:
D:4 1 runed translucent door, pkoi's ghost, amateur DgFi


Innate Abilities, Weirdness & Mutations

You have an increased reservoir of magic. (+10% MP)
You shall have no god before yourself.
Your divine heritage dramatically boosts your attributes as you level up.


Message History

The iguana is moderately wounded.
You miscast Magic Dart.
You are very lightly contaminated with residual magic.
Nothing appears to happen.
Aiming: Magic Dart (safe; 9% risk of failure)
Press: ? - help, Q - select action, (/) - cycle Shift-Dir - straight line, f/p - iguana
Aim: an iguana (moderately wounded, 100% to hit)
The magic dart hits the iguana but does no damage.
The iguana is moderately wounded.
The iguana bites you!
* * * LOW HITPOINT WARNING * * *
Aiming: Magic Dart (safe; 9% risk of failure)
Press: ? - help, Q - select action, (/) - cycle Shift-Dir - straight line, f/p - iguana
Aim: an iguana (moderately wounded, 100% to hit)
The magic dart hits the iguana but does no damage.
The iguana is moderately wounded.
The iguana bites you but does no damage.
Aiming: Magic Dart (safe; 9% risk of failure)
Press: ? - help, Q - select action, (/) - cycle Shift-Dir - straight line, f/p - iguana
Aim: an iguana (moderately wounded, 100% to hit)
The magic dart hits the iguana but does no damage.
The iguana is moderately wounded.
The iguana barely misses you.
Aiming: Magic Dart (safe; 9% risk of failure)
Press: ? - help, Q - select action, (/) - cycle Shift-Dir - straight line, f/p - iguana
Aim: an iguana (moderately wounded, 100% to hit)
The magic dart hits the iguana but does no damage.
The iguana is moderately wounded.
The iguana bites you.
* * * LOW HITPOINT WARNING * * *
You hit the iguana but do no damage.
The iguana is moderately wounded.
The iguana bites you!
* * * LOW HITPOINT WARNING * * *
The iguana barely misses you.
Aiming: Mindburst
Press: ? - help, Shift-Dir - straight line, f/p - iguana
Aim: an iguana (moderately wounded, chance to affect: 84%)
The iguana barely resists.
The iguana bites you!
You die...

#####.# #.###.....#
......# #.#...##..#
####### ###.#....#..#
#### #......_...... ....
#)#..#....#.#.. ....
#)#..##...# # . ....
####)#.....###.# ....
#....#.........#
.....##....#####@#####
.....'.......###.l......
.....##.......##........
......#.......##........
#####.#.......##....?...
# #.##......##........
## #.##......'#........
.## #.##......##........
..###.##.........


You could see an iguana.

Vanquished Creatures
  An orc priest (D:4)
  An orc wizard (D:4)
  3 adders
  3 dart slugs
  3 orcs
  A bat (D:2)
  7 endoplasms
  4 giant cockroaches
  2 goblins
  4 hobgoblins
  3 jackals (D:2)
  3 kobolds
  A quokka (D:4)
  5 ball pythons
  A frilled lizard (D:1)
  3 rats
45 creatures vanquished.

Vanquished Creatures (collateral kills)
  A scorpion (D:4)
  2 gnolls (D:4)
  An orc (D:4)
4 creatures vanquished.

Vanquished Creatures (others)
  A gnoll (D:4)
  A jackal (D:2)
2 creatures vanquished.

Grand Total: 51 creatures vanquished

Notes
Turn   | Place    | Note
-------+----------+-------------------------------------------
     0 | D:1      | pkoi the Demigod Artificer began the quest for the Orb.
     0 | D:1      | Reached XP level 1. HP: 15/15 MP: 3/3
   853 | D:1      | Found Iraun's Magic Scroll Emporium.
   861 | D:1      | Found Kih Reti's Armour Boutique.
   900 | D:1      | Reached skill level 1 in Unarmed Combat
   900 | D:1      | Reached skill level 3 in Evocations
   909 | D:1      | Reached XP level 2. HP: 12/22 MP: 4/4
  1132 | D:1      | Learned a level 1 spell: Magic Dart
  2041 | D:2      | Reached XP level 3. HP: 27/27 MP: 1/5
  3084 | D:3      | Reached skill level 1 in Conjurations
  4117 | D:4      | Reached skill level 1 in Spellcasting
  4117 | D:4      | Reached XP level 4. HP: 9/34 MP: 0/8
  4564 | D:4      | Found a runed translucent door.
  4564 | D:4      | Noticed pkoi's ghost (amateur DgFi)
  5389 | D:4      | Reached XP level 5. HP: 31/39 MP: 0/10
  5503 | D:4      | Slain by an iguana

Illustrated notes

Levels and vault maps discovered:
D:1:      minmay_arrival_stair_chambers, layout_basic, serial_shops,
          nicolae_diamond_shop, shop, hellmonk_ecumenical_altar_defaced_shrine,
          minmay_misc_feat_encased, chequers_serial_rivers_micro_b,
          chequers_hall_statues_corner_a, minivault_24, dk_noncrumbling_3
D:2:      layout_basic
D:3:      layout_loops_cross
D:4:      layout_basic, nicolae_overflow_crystal_walls,
          hellmonk_ghost_happy_afterlife

Skill      XL: |  1  2  3  4 |
---------------+-------------+-----
Unarmed Combat | 1 2 |  2.5
Evocations     | 3 |  3.8
Conjurations   | 1 2 |  2.1
Spellcasting   | 1 |  1.8
Fighting       | |  0.8
Armour         | |  1.7
Dodging        | |  0.8
Stealth        | |  0.8

Action                   |  1- 3 |  4- 6 || total
-------------------------+-------+-------++-------
Melee: Whip              |    82 |     8 ||    90
       Club              |     9 |       ||     9
       Punch             |     1 |       ||     1
       Mace              |       |    10 ||    10
 Cast: Magic Dart        |    52 |    56 ||   108
Evoke: Wand              |     3 |     2 ||     5
  Use: Scroll            |     2 |       ||     2
 Stab: Sleeping          |     1 |       ||     1
Armor: Leather armour    |    28 |       ||    28
       Robe              |     1 |     5 ||     6
Dodge: Dodged            |    61 |    15 ||    76
